 Dungeon Crawl Stone Soup version 0.31-a0-986-g5e6e4ef867 (webtiles) character file.

Game seed: 6101173402667884735

42 Lobster4 the Trooper (level 3, -2/34 HPs)
             Began as a Hill Orc Fighter on Nov 5, 2023.
             Slain by a gnoll
             ... wielding a +2 whip of electrocution
              (4 damage)
             ... on level 1 of the Dungeon.
             The game lasted 00:02:06 (907 turns).

Lobster4 the Trooper (Hill Orc Fighter)              Turns: 907, Time: 00:02:07

Health: -2/34      AC:  9    Str: 20    XL:     3   Next: 54%
Magic:  3/3        EV:  9    Int:  8    God:
Gold:   66         SH:  4    Dex: 10    Spells: 2/2 levels left

rFire   . . .        a - +0 war axe
rCold   . . .        c - +0 buckler
rNeg    . . .        b - +0 scale mail
rPois   .            (no helmet)
rElec   .            (no cloak)
rCorr   .            l - +1 pair of gloves
SInv    .            (no boots)
Will    .....        (no amulet) Stlth
                     (no ring)
HPRegen 0.25/turn    (no ring)
MPRegen 0.08/turn

%: no passive effects
@: mighty
A: no striking features
a: no special abilities


You were on level 1 of the Dungeon.
You visited 1 branch of the dungeon, and saw 2 of its levels.

You collected 66 gold pieces.

Inventory:

Hand Weapons
 a - a +0 war axe (weapon)
Missiles
 j - 8 stones (quivered)
Armour
 b - a +0 scale mail (worn)
 c - a +0 buckler (worn)
 l - a +1 pair of gloves (worn)
Jewellery
 e - a ring of wizardry
Scrolls
 h - a scroll of fear {unknown}
 i - 2 scrolls of identify {unknown}
 k - a scroll of teleportation {unknown}
Potions
 f - a potion of mutation {unknown}
 g - a potion of curing {unknown}


   Skills:
 * Level 4.4 Fighting
 + Level 3.2 Axes
 + Level 3.6 Armour
 + Level 3.6 Shields


You had 2 spell levels left.
You didn't know any spells.
Your spell library was empty.

Dungeon Overview and Level Annotations

Branches:
Dungeon (2/15)

Altars:


Message History

Search for what [? for help]? .
There is an open door here.
There is a stone staircase leading down here.
You climb downwards.
The goblin shouts!
You hear a shout! x3
Found a stone staircase leading up.
There is a stone staircase leading up here.
You slash the goblin!
You kill the goblin!
A gnoll comes into view.
It is wielding a +2 whip of electrocution.
Things that are here:
a +0 club; a goblin corpse
There is a stone staircase leading up here.
Okay, then.
You climb upwards.
There is a stone staircase leading down here.
There is an open door here.
You see here a +0 ring mail.
There is a stone staircase leading down here.
You climb downwards.
The gnoll shouts!
The gnoll hits you but does no damage.
There is a stone staircase leading up here.
The gnoll closely misses you. The gnoll hits you but does no damage.
You are electrocuted!
You climb upwards.
There is a stone staircase leading down here.
You hit the gnoll.
The gnoll is heavily wounded.
You hit the gnoll.
The gnoll hits you with a +2 whip of electrocution.
You are electrocuted!!
Ouch! That really hurt!
* * * LOW HITPOINT WARNING * * *
The gnoll hits you but does no damage. The gnoll barely misses you.
You block the gnoll's attack.
You are too injured to fight recklessly!
You feel very mighty all of a sudden.
The gnoll hits you with a +2 whip of electrocution.
You die...

## .### .'.♣♣ †#⌠.♣
######## .##.♣♣###
#......# ..#.†.'.#
#.####.# ..#####.#
#.#..#.#
..####..##########.##.#.#
..+............g@g....#.#
..##########.###.######.#
..# #.##....[..#.# ###
####.##..####.#)#
#....##..# #.#.#
#.#####..# #.#.# #.# #..#
#...# #.# #..# #####
#######.## #..#


You could see 2 gnolls.

Vanquished Creatures
  A gnoll (D:1)
  A dart slug (D:1)
  3 ball pythons (D:1)
  2 endoplasms (D:1)
  A giant cockroach (D:1)
  4 goblins
  3 jackals (D:1)
  2 quokkas (D:1)
  3 bats (D:1)
  3 kobolds (D:1)
  3 rats (D:1)
26 creatures vanquished.

Notes
Turn   | Place    | Note
-------+----------+-------------------------------------------
     0 | D:1      | Lobster4 the Hill Orc Fighter began the quest for the Orb.
     0 | D:1      | Reached XP level 1. HP: 19/19 MP: 1/1
   140 | D:1      | Reached XP level 2. HP: 27/27 MP: 2/2
   209 | D:1      | Reached skill level 4 in Fighting
   460 | D:1      | Reached XP level 3. HP: 27/33 MP: 3/3
   907 | D:1      | Slain by a gnoll

Illustrated notes

Levels and vault maps discovered:
D:1:      wander_arrival_chamber, layout_basic, kennysheep_nondescript
D:2:      layout_loops_ring, basic_altar, uniq_jessica

Skill      XL: |  1  2 |
---------------+-------+-----
Fighting       | 4 |  4.4
Axes           | 3 |  3.2
Armour         | |  3.6
Shields        | |  3.6

Action                     || total
---------------------------++-------
  Melee: War axe           ||    61
  Throw: Stone             ||     2
    Use: Potion            ||     1
 Armour: Scale mail        ||    45
  Dodge: Dodged            ||    27
  Block: Buckler           ||    14

Table legend: (Time is in decaauts)
 A = Elapsed time spent in this place.
 B = Non-inter-level travel time spent in this place.
 C = Inter-level travel time spent in this place.
 D = Time resting spent in this place.
 E = Time spent auto-exploring this place.
 F = Levels seen in this place.
 G = Mean time per level.
                   A        B        C        D        E       F      G
               +--------+--------+--------+--------+--------+-----+--------+
         Total |    931 |    852 |     79 |      0 |    645 |   2 |  465.5 |
       Dungeon |    931 |    852 |     79 |      0 |    645 |   2 |  465.5 |
               +--------+--------+--------+--------+--------+-----+--------+

Top non-repeatable levels by time:
     D:1: 923 daAuts
     D:2: 7 daAuts
